 Dungeon Crawl Stone Soup version 0.25.1-2-g60ff931df9 (webtiles) character file.

Game seed: 9315237199579399769

357 MajorAdolf the Skirmisher (level 6, 0/61 HPs)
             Began as a Naga Wanderer on Oct 11, 2020.
             Slain by a wight
             ... wielding a +1 falchion
              (2 damage)
             ... on level 4 of the Dungeon.
             The game lasted 00:05:16 (4943 turns).

MajorAdolf the Skirmisher (Naga Wanderer)           Turns: 4943, Time: 00:05:17

Health: 0/61       AC:  9    Str: 20    XL:     6   Next: 64%
Magic:  6/6        EV:  5    Int:  9    God:
Gold:   186        SH:  0    Dex: 10    Spells: 5/5 levels left

rFire    . . .     SeeInvis +   q - +3 dagger (venom)
rCold    . . .     Gourm    .   (no shield)
rNeg     . . .     Faith    .   p - +0 scale mail
rPois    +         Spirit   .   (no helmet)
rElec    .         Reflect  .   (no cloak)
rCorr    .         Harm     .   (no gloves)
MR       .....                  b - +0 naga barding
Stlth    ..........             (no amulet)
HPRegen  0.20/turn              (no ring)
MPRegen  0.10/turn              (no ring)

@: heavily drained, very slow
A: large, see invisible, deformed body, poison resistance, slowness 2, slow
metabolism 1, spit poison 1, AC +2
a: Spit Poison


You were on level 4 of the Dungeon.
You were not hungry.

You visited 1 branch of the dungeon, and saw 4 of its levels.

You collected 186 gold pieces.

Inventory:

Hand Weapons
 l - a +0 dagger
 q - a +3 dagger of venom (weapon)
Armour
 b - a +0 naga barding (worn)
 p - a +0 scale mail (worn)
Jewellery
 d - an uncursed ring of fire {unknown}
 i - a cursed ring of teleportation {unknown}
 s - a cursed amulet of inaccuracy {unknown}
Scrolls
 a - a scroll of remove curse {unknown}
 e - 5 scrolls of identify {unknown}
 h - a scroll of enchant armour {unknown}
 m - a scroll of teleportation {unknown}
 o - a scroll of magic mapping {unknown}
 r - a scroll of fog {unknown}
Potions
 c - 5 potions of curing
 g - 3 potions of lignification {unknown}
 j - 2 potions of might {unknown}
 k - a potion of haste {unknown}
 n - a potion of brilliance {unknown}
 t - a potion of degeneration {unknown}
 u - a potion of resistance {unknown}
 w - a potion of invisibility {unknown}
Comestibles
 f - 5 rations
 v - a chunk of flesh


   Skills:
 - Level 5.4(3.3) Fighting
 - Level 1.0(0.0) Throwing
 + Level 3.4(1.4) Armour
   Level 5.0(2.9) Conjurations
   Level 1.0(0.0) Evocations


You had 5 spell levels left.
You didn't know any spells.
Your spell library contained the following spells:

 Spells                   Type           Power        Failure   Level  Hunger
 Magic Dart               Conj           #...         36%         1    ##.....
 Searing Ray              Conj           #.....       50%         2    ###....
 Animate Skeleton         Necr           N/A          75%         1    ##.....
 Apportation              Tloc           #.....       75%         1    ##.....
 Corona                   Hex            #......      75%         1    ##.....
 Sandblast                Erth           #.....       75%         1    ##.....
 Summon Small Mammal      Summ           #...         75%         1    ##.....
 Dazzling Flash           Conj/Hex       #.....       89%         3    ####...
 Stone Arrow              Conj/Erth      #.....       89%         3    ####...
 Fulminant Prism          Conj/Hex       #.........   100%        4    #####..
 Iskenderun's Mystic Bla  Conj/Tloc      #.......     100%        4    #####..


Dungeon Overview and Level Annotations

Branches:
Dungeon (4/15)
 Temple: D:4-7

Altars:
Ru

Annotations:
D:4 Grinder


Innate Abilities, Weirdness & Mutations

You cannot wear boots.
Your serpentine skin is tough. (AC +2)
You have supernaturally acute eyesight. (SInv)
Armour fits poorly on your strangely shaped body.
Your system is resistant to poisons. (rPois)
You cover ground very slowly.
You have a slow metabolism.
You can spit poison.


Message History

You closely miss the wight. The wight hits you with a +1 falchion.
* * * LOW HITPOINT WARNING * * *
You closely miss the wight. The wight hits you but does no damage.
You hit the wight.
The wight is lightly damaged.
The wight barely misses you.
You hit the wight.
The wight is moderately damaged.
You hit the wight but do no damage.
The wight is moderately damaged.
The wight hits you with a +1 falchion.
* * * LOW HITPOINT WARNING * * *
You feel drained.
* * * LOW HITPOINT WARNING * * *
You barely miss the wight.
The wight is moderately damaged.
The wight hits you with a +1 falchion!
* * * LOW HITPOINT WARNING * * *
You feel drained.
You die...

.. .z #. #># ##. #.#
.. #.# #. #.#..#.#
#.## #.#.##.# ###
#z####.#.##.#
..###@†...#.##.# #
#. #.#.####.#.##.#
#. #. #.## #.#.##.#
.##. #.#####.#.##.#
.#. #.........)..#
..###########.#.####
##.......# #.#.#
##..#####.#####.#.#
#......÷..........#


You could see a wight.

Vanquished Creatures
  2 wights (D:4)
  2 orc priests (D:3)
  Terence (D:2)
  A killer bee zombie (D:3)
  3 gnolls (D:3)
  6 adders
  A worm (D:3)
  2 dart slugs
  A leopard gecko (D:2)
  8 orcs
  A giant cockroach (D:3)
  4 goblins
  16 hobgoblins
  3 jackals (D:2)
  2 quokkas (D:3)
  5 bats
  4 frilled lizards
  10 kobolds
  3 rats
75 creatures vanquished.

Notes
Turn   | Place    | Note
-------+----------+-------------------------------------------
     0 | D:1      | MajorAdolf the Naga Wanderer began the quest for the Orb.
     0 | D:1      | MajorAdolf set off with the following items: a +0 club, a
                  | potion of curing, a +0 robe, a ration; and the following
                  | spells available to memorise: Magic Dart, Searing Ray,
                  | Sandblast, Dazzling Flash, Stone Arrow, Fulminant Prism,
                  | Iskenderun's Mystic Blast
     0 | D:1      | Reached XP level 1. HP: 19/19 MP: 1/1
   626 | D:1      | Reached XP level 2. HP: 8/27 MP: 2/2
  2134 | D:2      | Reached XP level 3. HP: 34/34 MP: 3/3
  2404 | D:2      | Noticed Terence
  2430 | D:2      | Killed Terence
  2779 | D:2      | Reached XP level 4. HP: 41/44 MP: 4/4
  3683 | D:3      | Reached skill level 5 in Fighting
  3683 | D:3      | Reached XP level 5. HP: 50/52 MP: 5/5
  4194 | D:3      | Found a sacrificial altar of Ru.
  4311 | D:3      | Reached XP level 6. HP: 47/61 MP: 6/6
  4796 | D:4      | Noticed Grinder
  4943 | D:4      | HP: 2/61 [wight/+1 falchion (7)]
  4943 | D:4      | Slain by a wight

Illustrated notes

Levels and vault maps discovered:
D:1:      matt_arrival_los_fun, layout_basic
D:2:      layout_basic, uniq_terence
D:3:      layout_loops_ring, nicolae_overflow_crystal_walls
D:4:      layout_loops_ring, lemuel_round_altar, first_ration, uniq_natasha,
          uniq_grinder, uniq_menkaure, uniq_edmund

Skill      XL: |  1  2  3  4  5  6 |
---------------+-------------------+-----
Fighting       | 3 4 5 |  5.4
Armour         | 2 3 |  3.4
Throwing       | |  1.0
Conjurations   | |  5.0
Evocations     | |  1.0

Action                   |  1- 3 |  4- 6 || total
-------------------------+-------+-------++-------
Melee: Unarmed           |    59 |       ||    59
       Dagger            |    41 |   214 ||   255
 Abil: Spit Poison       |    34 |     8 ||    42
  Eat: Chunk             |     6 |     6 ||    12
Armor: Robe              |    34 |       ||    34
       Ring mail         |    12 |       ||    12
       Scale mail        |     4 |   136 ||   140
Dodge: Dodged            |    56 |    63 ||   119
